 Dungeon Crawl Stone Soup version 0.24-a0-584-g9d6b971ae4 (webtiles) character file.

Game seed: 14458929876662175319, levelgen mode: deterministic

10543 Ijustatesigmund the Blocker (level 11, -1/89 HPs)
             Began as a Gnoll Fighter on Sept 3, 2019.
             Was an Elder of Okawaru.
             Slain by an eight-headed hydra (3 damage)
             ... on level 11 of the Dungeon on Sept 4, 2019.
             The game lasted 00:27:13 (11016 turns).

Ijustatesigmund the Blocker (Gnoll Fighter)        Turns: 11016, Time: 00:27:13

Health: -1/89      AC:  9    Str: 28    XL:     11   Next: 63%
Magic:  20/20      EV: 13    Int: 10    God:    Okawaru [****..]
Gold:   1026       SH: 13    Dex: 18    Spells: 22/22 levels left

rFire    . . .     SeeInvis +   B - +4 trident
rCold    + . .     Gourm    .   c - +0 shield
rNeg     . . .     Faith    .   b - +0 scale mail "Eppun" {rPois rC+ Str+4} (curse)
rPois    +         Spirit   .   D - +0 helmet
rElec    .         Reflect  .   x - scarf {cloud immunity}
rCorr    .         Harm     .   (no gloves)
MR       .....                  (no boots)
Stlth    ++........             (no amulet)
HPRegen  0.24/turn              j - +5 ring of strength
MPRegen  0.17/turn              H - ring of see invisible

@: lightly drained
A: distributed training, fangs 1, strong nose
a: Heroism, Renounce Religion


You were on level 11 of the Dungeon.
You worshipped Okawaru.
Okawaru was greatly pleased with you.
You were not hungry.

You visited 2 branches of the dungeon, and saw 12 of its levels.
You also visited: Ossuary and Bailey.

You collected 1026 gold pieces.

Inventory:

Hand Weapons
 a - a +3 flail
 p - the +1 flail of Wejaqi {holy, Str+4 Int+4}
   (You found it on level 7 of the Dungeon)

   It has been blessed by the Shining One to cause great damage to the undead
   and demons.
   It affects your strength (+4).
   It affects your intelligence (+4).
 B - a +4 trident (weapon)
 E - a +2 flail of protection
Missiles
 d - 56 poisoned darts
 n - 3 throwing nets
 s - 4 javelins
 I - 4 atropa-tipped darts (quivered)
Armour
 b - the cursed +0 scale mail "Eppun" (worn) {rPois rC+ Str+4}
   (You found it on level 10 of the Dungeon)

   It affects your strength (+4).
   It protects you from cold.
   It protects you from poison.
   It has a curse placed upon it.
 c - a +0 shield (worn)
 x - a scarf of cloud immunity (worn)
 D - a +0 helmet (worn)
Jewellery
 j - a +5 ring of strength (left hand)
 o - an uncursed ring of resist corrosion
 H - a ring of see invisible (right hand)
Wands
 v - a wand of paralysis (4)
 F - a wand of disintegration (9)
Scrolls
 e - a scroll of remove curse
 h - 5 scrolls of amnesia
 l - a scroll of teleportation
 A - 2 scrolls of identify
 C - a scroll of enchant weapon
 G - a scroll of brand weapon {unknown}
Potions
 g - 3 potions of brilliance
 i - 3 potions of lignification
 k - 3 potions of cancellation
 m - a potion of flight
 q - 3 potions of resistance
 r - 2 potions of magic
 t - 3 potions of ambrosia
 u - a potion of haste
 z - a potion of curing
Miscellaneous
 w - a sack of spiders
Comestibles
 f - 15 rations


   Skills:
 + Level 9.2(8.8) Fighting
 + Level 6.3(6.0) Short Blades
 + Level 6.3(6.0) Long Blades
 + Level 7.9(7.6) Axes
 + Level 6.3(6.0) Maces & Flails
 + Level 6.3(6.0) Polearms
 + Level 6.3(6.0) Staves
 + Level 6.3(6.0) Slings
 + Level 6.3(6.0) Bows
 + Level 6.3(6.0) Crossbows
 + Level 6.3(6.0) Throwing
 + Level 9.2(8.8) Armour
 + Level 6.3(6.0) Dodging
 + Level 6.3(6.0) Stealth
 + Level 9.2(8.8) Shields
 + Level 6.3(6.0) Unarmed Combat
 + Level 6.3(6.0) Spellcasting
 + Level 5.2(4.9) Conjurations
 + Level 5.2(4.9) Hexes
 + Level 5.2(4.9) Charms
 + Level 5.2(4.9) Summonings
 + Level 5.2(4.9) Necromancy
 + Level 5.2(4.9) Translocations
 + Level 5.2(4.9) Transmutations
 + Level 5.2(4.9) Fire Magic
 + Level 5.2(4.9) Ice Magic
 + Level 5.2(4.9) Air Magic
 + Level 5.2(4.9) Earth Magic
 + Level 5.2(4.9) Poison Magic
 + Level 7.0(6.6) Invocations
 + Level 6.3(6.0) Evocations


You had 22 spell levels left.
You didn't know any spells.
Your spell library contained the following spells:

 Spells                   Type           Power        Failure   Level  Hunger
 Confusing Touch          Hex            ##....       12%         1    None
 Flame Tongue             Conj/Fire      ##...        12%         1    None
 Summon Small Mammal      Summ           ##..         12%         1    None
 Call Imp                 Summ           ##......     17%         2    ##.....
 Throw Flame              Conj/Fire      ##....       17%         2    ##.....
 Call Canine Familiar     Summ           ##......     34%         3    ###....
 Confuse                  Hex            ##......     34%         3    ###....
 Conjure Flame            Conj/Fire      ##......     34%         3    ###....
 Gell's Gravitas          Tloc           ##........   34%         3    ###....
 Inner Flame              Hex/Fire       ##......     34%         3    ###....
 Summon Guardian Golem    Hex/Summ       ##......     34%         3    ###....
 Petrify                  Tmut/Erth      ##......     75%         4    ####...
 Sticky Flame             Conj/Fire      ##......     75%         4    ####...
 Summon Ice Beast         Ice/Summ       ##......     75%         4    ####...
 Summon Lightning Spire   Summ/Air       ##......     75%         4    ####...
 Bolt of Magma            Conj/Fire/Erth ##........   97%         5    ######.
 Fireball                 Conj/Fire      ##........   97%         5    ######.
 Iskenderun's Battlesphe  Conj/Chrm      ##......     97%         5    ######.
 Metabolic Englaciation   Hex/Ice        ##........   97%         5    ######.
 Venom Bolt               Conj/Pois      ##........   97%         5    ######.
 Yara's Violent Unravell  Hex/Tmut       ##........   97%         5    ######.
 Iron Shot                Conj/Erth      ##........   100%        6    #######
 Orb of Destruction       Conj           ##........   100%        7    #######
 Spellforged Servitor     Conj/Summ      ##........   100%        7    #######


Dungeon Overview and Level Annotations

Branches:
Dungeon (11/15)            Temple (1/1) D:6            Lair (0/6) D:8
    Orc (0/2) D:9         Ossuary (visited)          Bailey (visited)

Altars:
Elyvilon
Fedhas
Gozag
Hepliaklqana
Makhleb
Nemelex Xobeh
Okawaru
Qazlal
Ru
Sif Muna
Trog
Uskayaw
Vehumet
Xom
Yredelemnul
Zin
The Shining One


Innate Abilities, Weirdness & Mutations

Your experience applies equally to all skills.
You have very sharp teeth.
Your uncanny sense of smell can sniff out nearby items.


Message History

The eight-headed hydra resists.
The eight-headed hydra is moderately wounded.
The eight-headed hydra bites you!
* * * LOW HITPOINT WARNING * * *
The eight-headed hydra bites you.
* * * LOW HITPOINT WARNING * * *
The eight-headed hydra bites you.
* * * LOW HITPOINT WARNING * * *
You block the eight-headed hydra's attack. x2
The eight-headed hydra misses you.
The eight-headed hydra bites you but does no damage. x2
As you read the scroll of fear, it crumbles to dust.
You assume a fearsome visage.
The eight-headed hydra resists with some effort.
You block the eight-headed hydra's attack.
The eight-headed hydra bites you!
* * * LOW HITPOINT WARNING * * *
You block the eight-headed hydra's attack.
The eight-headed hydra bites you.
You die...

##.# #.. ##'####
#.# #.....# #.#
#.....# #.#
#.....##########'#
#.....'...##......
###
#.....###.##......
+?...##.....#
#..+......
#.(D@....#
####......
####.....# #######
###'### #.## # #..#
# ##.# # #.#
####### #####.###
#......
#.......#####......


You could see an eight-headed hydra.

Vanquished Creatures
  2 death yaks
  The ghost of Engwar the Magician, a novice GnWr of Ashenzari (D:9)
  Pikel (D:4)
  Maurice (D:9)
  2 trolls
  A hippogriff (D:11)
  A spriggan (D:7)
  A hungry ghost (D:9)
  Menkaure (D:6)
  A water moccasin (D:9)
  5 ice beasts
  4 black bears
  3 sky beasts (D:7)
  4 ogres
  7 orc warriors
  4 phantoms
  9 centaurs
  8 bullfrogs
  8 gnoll sergeants (Bailey)
  2 scorpions
  A wyvern skeleton (D:7)
  4 killer bees (D:10)
  13 wights
  A crimson imp (D:5)
  2 centaur zombies
  6 gnoll shamans (Bailey)
  A quasit (D:9)
  9 hounds
  2 jellies
  5 orc priests
  2 iguanas
  10 orc wizards
  7 worker ants
  A killer bee zombie (D:9)
  3 hound skeletons
  8 mummies (Ossuary)
  16 gnolls
  14 adders
  2 river rats
  3 shadow imps
  An ooze (D:3)
  An adder skeleton (D:9)
  An adder zombie (D:9)
  A dart slug (D:4)
  5 worms
  3 leopard geckos
  36 orcs
  A ball python (D:2)
  4 bats
  9 giant cockroaches
  2 gnoll zombies (Ossuary)
  10 goblins
  14 hobgoblins
  2 jackals (D:1)
  8 quokkas
  6 frilled lizards
  2 hobgoblin zombies (Ossuary)
  A jackal skeleton (D:4)
  8 kobolds
  A kobold zombie (Ossuary)
  A leopard gecko skeleton (D:7)
  3 orc zombies (Ossuary)
  A quokka zombie (D:7)
  7 rats
  A plant (D:1)
305 creatures vanquished.

Notes
Turn   | Place    | Note
-------+----------+-------------------------------------------
     0 | D:1      | Ijustatesigmund the Gnoll Fighter began the quest for the
                  | Orb.
     0 | D:1      | Reached XP level 1. HP: 23/23 MP: 1/1
   147 | D:1      | Reached XP level 2. HP: 29/29 MP: 2/2
   809 | D:1      | Reached XP level 3. HP: 31/35 MP: 3/3
   831 | D:2      | Reached skill level 1 in Invocations
   969 | D:2      | Reached skill level 1 in Short Blades
   969 | D:2      | Reached skill level 1 in Long Blades
   969 | D:2      | Reached skill level 1 in Maces & Flails
   969 | D:2      | Reached skill level 1 in Polearms
   969 | D:2      | Reached skill level 1 in Staves
   969 | D:2      | Reached skill level 1 in Slings
   969 | D:2      | Reached skill level 1 in Bows
   969 | D:2      | Reached skill level 1 in Crossbows
   969 | D:2      | Reached skill level 1 in Throwing
   969 | D:2      | Reached skill level 1 in Dodging
   969 | D:2      | Reached skill level 1 in Stealth
   969 | D:2      | Reached skill level 1 in Unarmed Combat
   969 | D:2      | Reached skill level 1 in Spellcasting
   969 | D:2      | Reached skill level 1 in Evocations
   971 | D:2      | Reached XP level 4. HP: 29/41 MP: 5/5
  1320 | D:2      | Reached skill level 1 in Conjurations
  1320 | D:2      | Reached skill level 1 in Hexes
  1320 | D:2      | Reached skill level 1 in Charms
  1320 | D:2      | Reached skill level 1 in Summonings
  1320 | D:2      | Reached skill level 1 in Necromancy
  1320 | D:2      | Reached skill level 1 in Translocations
  1320 | D:2      | Reached skill level 1 in Transmutations
  1320 | D:2      | Reached skill level 1 in Fire Magic
  1320 | D:2      | Reached skill level 1 in Ice Magic
  1320 | D:2      | Reached skill level 1 in Air Magic
  1320 | D:2      | Reached skill level 1 in Earth Magic
  1320 | D:2      | Reached skill level 1 in Poison Magic
  1412 | D:2      | Reached XP level 5. HP: 44/47 MP: 6/6
  1890 | D:3      | Reached XP level 6. HP: 48/53 MP: 8/8
  2425 | D:4      | Noticed Pikel
  2425 | D:4      | Noticed a slave
  2425 | D:4      | Noticed a slave
  2425 | D:4      | Noticed a slave
  2432 | D:4      | Noticed a slave
  2455 | D:4      | Killed Pikel
  2455 | D:4      | Reached skill level 5 in Axes
  2455 | D:4      | Reached XP level 7. HP: 46/60 MP: 8/10
  2728 | D:4      | Found a sparkling altar of Nemelex Xobeh.
  2767 | D:4      | Reached XP level 8. HP: 57/67 MP: 12/12
  2963 | D:5      | Entered Level 5 of the Dungeon
  3112 | D:5      | Found a sand-covered staircase.
  3153 | Ossuary  | Entered an ossuary
  4324 | D:6      | Noticed Menkaure
  4330 | D:6      | Killed Menkaure
  4345 | D:6      | Reached XP level 9. HP: 63/72 MP: 14/14
  4832 | D:6      | Found a staircase to the Ecumenical Temple.
  4841 | Temple   | Entered the Ecumenical Temple
  5000 | Temple   | Became a worshipper of Warmaster Okawaru
  5048 | D:6      | Found a hazy altar of Hepliaklqana.
  5730 | D:7      | Found a flagged portal.
  5749 | Bailey   | Entered a bailey
  6024 | Bailey   | Reached * piety under Okawaru
  6244 | Bailey   | Reached skill level 5 in Invocations
  6346 | Bailey   | Identified the cursed +0 plate armour "Oxtiomag" {-Tele
                  | rPois Slay+5 SInv}
  6616 | Bailey   | Reached XP level 10. HP: 49/80 MP: 17/17
  7007 | D:7      | Got a jewelled flail
  7008 | D:7      | Identified the cursed +1 flail of Wejaqi {holy, Str+4
                  | Int+4} (You found it on level 7 of the Dungeon)
  7237 | D:7      | Reached ** piety under Okawaru
  7374 | D:7      | You fall into a shaft and drop 3 floors!
  7374 | D:10     | Entered Level 10 of the Dungeon
  7385 | D:9      | Reached skill level 5 in Short Blades
  7385 | D:9      | Reached skill level 5 in Long Blades
  7385 | D:9      | Reached skill level 5 in Maces & Flails
  7385 | D:9      | Reached skill level 5 in Polearms
  7385 | D:9      | Reached skill level 5 in Staves
  7385 | D:9      | Reached skill level 5 in Slings
  7385 | D:9      | Reached skill level 5 in Bows
  7385 | D:9      | Reached skill level 5 in Crossbows
  7385 | D:9      | Reached skill level 5 in Throwing
  7385 | D:9      | Reached skill level 5 in Dodging
  7385 | D:9      | Reached skill level 5 in Stealth
  7385 | D:9      | Reached skill level 5 in Unarmed Combat
  7385 | D:9      | Reached skill level 5 in Spellcasting
  7385 | D:9      | Reached skill level 5 in Evocations
  8160 | D:8      | Found a burning altar of Makhleb.
  8226 | D:8      | Noticed a death yak
  8240 | D:8      | Noticed a death yak
  8242 | D:8      | Noticed a death yak
  8253 | D:8      | Killed a death yak
  8253 | D:8      | Reached *** piety under Okawaru
  8316 | D:8      | Found a staircase to the Lair.
  8357 | D:9      | Killed a death yak
  8357 | D:9      | Reached **** piety under Okawaru
  8749 | D:9      | Reached XP level 11. HP: 87/87 MP: 16/19
  8777 | D:9      | Noticed Maurice
  8884 | D:9      | Received a gift from Okawaru
  8894 | D:9      | Killed Maurice
  9216 | D:9      | Found a staircase to the Orcish Mines.
  9407 | D:9      | Found a shimmering blue altar of Sif Muna.
  9468 | D:9      | Reached skill level 5 in Conjurations
  9468 | D:9      | Reached skill level 5 in Hexes
  9468 | D:9      | Reached skill level 5 in Charms
  9468 | D:9      | Reached skill level 5 in Summonings
  9468 | D:9      | Reached skill level 5 in Necromancy
  9468 | D:9      | Reached skill level 5 in Translocations
  9468 | D:9      | Reached skill level 5 in Transmutations
  9468 | D:9      | Reached skill level 5 in Fire Magic
  9468 | D:9      | Reached skill level 5 in Ice Magic
  9468 | D:9      | Reached skill level 5 in Air Magic
  9468 | D:9      | Reached skill level 5 in Earth Magic
  9468 | D:9      | Reached skill level 5 in Poison Magic
  9525 | D:9      | Found a stormy altar of Qazlal.
  9565 | D:9      | Found a runed translucent door.
  9566 | D:9      | Noticed Engwar's ghost (novice GnWr)
  9584 | D:9      | Killed Engwar's ghost
 10035 | D:10     | Received a gift from Okawaru
 10087 | D:10     | Got a pitted scale mail
 10093 | D:10     | Identified the cursed +0 scale mail "Eppun" {rPois rC+
                  | Str+4} (You found it on level 10 of the Dungeon)
 10889 | D:11     | Received a gift from Okawaru
 11011 | D:11     | Noticed an eight-headed hydra
 11016 | D:11     | HP: 2/89 [eight-headed hydra (8)]
 11016 | D:11     | Slain by an eight-headed hydra

Levels and vault maps discovered:
D:1:      minmay_arrival_shattered_statue, layout_loops_cross,
          minmay_misc_feat_rows, roderic_lattice_a, serial_bayou_lagoon_a
D:2:      layout_basic, first_ration
D:3:      layout_rooms
D:4:      layout_basic, lemuel_doored_altar, uniq_pikel
D:5:      layout_basic, enter_ossuary_2, dk_rats_in_the_wall
D:6:      layout_loops_ring, lemuel_round_altar, minmay_temple_entry_offerings,
          minmay_misc_feat_rugged, st_stairs_5, uniq_menkaure
D:7:      minmay_inner_zag, layout_basic, lightli_bailey_entry_fortress,
          the_bakery
D:8:      layout_loops_ring, minitemple, nicolae_overflow_crystal_walls,
          dpeg_lair_monsters, hangedman_decor_slide_cut
D:9:      layout_roguey, nicolae_overflow_hidden_temple, david_orc_4,
          ebering_ghost_reflecting_pool, uniq_maurice
D:10:     layout_roguey
D:11:     layout_roguey
Temple:   minmay_temple_bridge_abc

Skill      XL: |  1  2  3  4  5  6  7  8  9 10 11 |
---------------+----------------------------------+-----
Invocations    | 1 2 3 4 5 6 7 |  7.0
Short Blades   | 1 2 3 4 5 6 |  6.3
Long Blades    | 1 2 3 4 5 6 |  6.3
Maces & Flails | 1 2 3 4 5 6 |  6.3
Polearms       | 1 2 3 4 5 6 |  6.3
Staves         | 1 2 3 4 5 6 |  6.3
Slings         | 1 2 3 4 5 6 |  6.3
Bows           | 1 2 3 4 5 6 |  6.3
Crossbows      | 1 2 3 4 5 6 |  6.3
Throwing       | 1 2 3 4 5 6 |  6.3
Dodging        | 1 2 3 4 5 6 |  6.3
Stealth        | 1 2 3 4 5 6 |  6.3
Unarmed Combat | 1 2 3 4 5 6 |  6.3
Spellcasting   | 1 2 3 4 5 6 |  6.3
Evocations     | 1 2 3 4 5 6 |  6.3
Conjurations   | 1 2 3 4 5 |  5.2
Hexes          | 1 2 3 4 5 |  5.2
Charms         | 1 2 3 4 5 |  5.2
Summonings     | 1 2 3 4 5 |  5.2
Necromancy     | 1 2 3 4 5 |  5.2
Translocations | 1 2 3 4 5 |  5.2
Transmutations | 1 2 3 4 5 |  5.2
Fire Magic     | 1 2 3 4 5 |  5.2
Ice Magic      | 1 2 3 4 5 |  5.2
Air Magic      | 1 2 3 4 5 |  5.2
Earth Magic    | 1 2 3 4 5 |  5.2
Poison Magic   | 1 2 3 4 5 |  5.2
Fighting       | 7 8 9 |  9.2
Axes           | 5 6 7 |  7.9
Armour         | 7 8 9 |  9.2
Shields        | 7 8 9 |  9.2

Action                   |  1- 3 |  4- 6 |  7- 9 | 10-12 || total
-------------------------+-------+-------+-------+-------++-------
Melee: War axe           |   110 |   148 |   315 |       ||   573
       Bite              |    14 |    21 |    64 |    79 ||   178
       Trident           |       |       |    97 |   304 ||   401
       Flail             |       |       |       |   304 ||   304
Throw: Dart              |       |     2 |    22 |    15 ||    39
Invok: Heroism           |       |       |       |     5 ||     5
Evoke: Wand              |       |       |     9 |    12 ||    21
  Use: Scroll            |     1 |     9 |     9 |     6 ||    25
       Potion            |       |     1 |     6 |     5 ||    12
 Stab: Paralysed         |       |       |       |     7 ||     7
       Invisible         |       |       |       |     1 ||     1
       Sleeping          |       |       |       |     1 ||     1
  Eat: Chunk             |       |     5 |     9 |     9 ||    23
       Ration            |       |       |     2 |     2 ||     4
Armor: Scale mail        |    37 |     2 |       |    27 ||    66
       Plate armour      |       |    68 |   179 |   212 ||   459
Dodge: Dodged            |    28 |    29 |   126 |   224 ||   407
Block: Shield            |    53 |    86 |   306 |   426 ||   871

Table legend:
 A = Non-vault XP
 B = Vault XP
 C = Vault XP percentage of total XP
 D = Non-vault monster count
 E = Vault monster count
 F = Vault count percentage of total count
                 A         B        C        D         E       F
            +---------+---------+-------+---------+---------+-------
      Total |    8763 |    6299 |  41.8 |     216 |      88 |  28.9
            +---------+---------+-------+---------+---------+-------
        D:1 |      49 |       0 |   0.0 |      22 |       0 |   0.0
        D:2 |     116 |       0 |   0.0 |      29 |       0 |   0.0
        D:3 |     212 |       0 |   0.0 |      26 |       0 |   0.0
        D:4 |     286 |     617 |  68.3 |      11 |       1 |   8.3
        D:5 |     613 |       0 |   0.0 |      13 |       0 |   0.0
        D:6 |     963 |     192 |  16.6 |      20 |       2 |   9.1
        D:7 |    1610 |     469 |  22.6 |      28 |      16 |  36.4
        D:8 |     288 |     909 |  75.9 |       5 |       2 |  28.6
        D:9 |    2089 |    2758 |  56.9 |      30 |      21 |  41.2
       D:10 |    1869 |       0 |   0.0 |      27 |       0 |   0.0
       D:11 |     668 |       0 |   0.0 |       5 |       0 |   0.0
    Ossuary |       0 |     154 | 100.0 |       0 |      16 | 100.0
     Bailey |       0 |    1200 | 100.0 |       0 |      30 | 100.0
            +---------+---------+-------+---------+---------+-------
